 Dungeon Crawl Stone Soup version 0.29.1-15-g9cfb28693d (webtiles) character file.

Game seed: 5937376918652738223

25 nightchill the Trooper (level 3, 24/24 HPs)
             Began as a Gargoyle Fighter on Mar 15, 2023.
             Was a Plaything of Xom.
             Got out of the dungeon alive.
             The game lasted 00:02:29 (1156 turns).

nightchill the Trooper (Gargoyle Fighter)           Turns: 1156, Time: 00:02:30

Health: 24/24      AC: 10    Str: 19    XL:     3   Next: 6%
Magic:  3/3        EV:  9    Int: 10    God:    Xom [..*...]
Gold:   41         SH:  4    Dex:  9    Spells: 2/2 levels left

rFire   . . .      SeeInvis .   a - +0 flail
rCold   . . .      Faith    .   c - +0 buckler
rNeg    + + .      Spirit   .   b - +0 scale mail
rPois   ∞          Reflect  .   (no helmet)
rElec   +          Harm     .   (no cloak)
rCorr   .          Rampage  .   (no gloves)
Will    .....                   (no boots)
Stlth   ..........              (no amulet)
HPRegen 0.08/turn               g - ring of positive energy
MPRegen 0.08/turn               (no ring)

@: no status effects
A: sickness immunity, AC +3, negative energy resistance 1, electricity
resistance, torment resistance 1, petrification resistance
a: Renounce Religion


You escaped.
You worshipped Xom.
You were a toy of Xom.
You visited 1 branch of the dungeon, and saw 1 of its levels.

You collected 41 gold pieces.

Inventory:

Hand Weapons
 a - a +0 flail (weapon)
Armour
 b - a +0 scale mail (worn)
 c - a +0 buckler (worn)
Jewellery
 g - a ring of positive energy (left hand)
 j - an amulet of magic regeneration
Scrolls
 e - a scroll of poison {unknown}
 h - 2 scrolls of amnesia {unknown}
 k - a scroll of identify {unknown}
Potions
 d - a potion of might
 f - a potion of curing {unknown}
 i - a potion of degeneration {unknown}


   Skills:
 + Level 3.7 Fighting
 * Level 3.0 Maces & Flails
 - Level 3.2 Armour
 - Level 3.2 Shields


You had 2 spell levels left.
You didn't know any spells.
Your spell library contained the following spells:

 Spells                   Type           Power      Damage    Failure   Level
 Summon Small Mammal      Summ           0%         N/A       83%         1
 Call Canine Familiar     Summ           0%         N/A       99%         3
 Summon Guardian Golem    Hex/Summ       0%         N/A       99%         3


Dungeon Overview and Level Annotations

Branches:
Dungeon (1/15)

Altars:
Xom


Innate Abilities, Weirdness & Mutations

You are immune to sickness and miasma.
Your stone body is resilient. (AC +3)
You are immune to poison.
You resist negative energy. (rN+)
You are resistant to electric shocks. (rElec)
You are resistant to unholy torment.
You are immune to petrification.


Message History

There is an open door here.
Found a short sword.
g - a ring of positive energy No target in view!
No target in view!
No target in view!
h - a scroll labelled CIUR IPPOUNN
i - a bubbling blue potion No target in view!
No target in view!
You pick up a book of Callings and begin reading...
You add the spells Summon Small Mammal, Call Canine Familiar and Summon Guardian Golem to your library.
Okay, then.
g - a ring of positive energy (left hand)
You now have 32 gold pieces (gained 4).
Found a ring mail and a scroll of immolation.
Found a faded altar of an unknown god.
You see here a +0 ring mail.
j - an amulet of magic regeneration
h - 2 scrolls labelled CIUR IPPOUNN (gained 1)
k - a scroll labelled HUWAKE SISKU No target in view!
No target in view!
You now have 41 gold pieces (gained 9).
There is a faded altar of an unknown god here.
You see here a scroll of immolation.
There is a faded altar of an unknown god here.
You see here a scroll of immolation.
You cannot tell which god this altar belongs to.
Convert to them anyway?
Okay, then.
You cannot tell which god this altar belongs to.
Convert to them anyway?
Xom accepts your prayer! Xom welcomes you!
Xom is fascinated!
You open the door.
There is an open door here.
There is an escape hatch in the floor here.
There is a staircase leading out of the dungeon here.
Are you sure you want to leave the Dungeon?
This will make you lose the game!
You have escaped!

..#........####.#.#>#.#...#
.†.........# #.#.###.#...#
....#......# #....#......#####
....#......# #...###..........
....#......# #.### ###...#####.#
....#.#########.## ##..........#
....#...... #...>##
#.#..#..#####
..............#.#.#
##>.........†
##..........###.@## ##.##.######
#..........###.### ###.##.......
.................###...####...##
..................#....####...#
..........#....#†###.#.#......#
..........#....#.#>#.#.#....###
##.........#............#....#
.#######'#.....##########....#
.# #.####### #....#


There were no monsters in sight!

Vanquished Creatures
  3 endoplasms (D:1)
  4 hobgoblins (D:1)
  4 jackals (D:1)
  A kobold (D:1)
  7 ball pythons (D:1)
  A bat (D:1)
  A frilled lizard (D:1)
  A rat (D:1)
22 creatures vanquished.

Notes
Turn   | Place    | Note
-------+----------+-------------------------------------------
     0 | D:1      | nightchill the Gargoyle Fighter began the quest for the
                  | Orb.
     0 | D:1      | Reached XP level 1. HP: 14/14 MP: 1/1
   546 | D:1      | Reached XP level 2. HP: 19/19 MP: 2/2
   878 | D:1      | Reached XP level 3. HP: 17/24 MP: 3/3
  1075 | D:1      | Found a faded altar of an unknown god.
  1123 | D:1      | Prayed at the altar of an unknown god.
  1123 | D:1      | Became a worshipper of Xom of Chaos
  1156 | D:$      | Got out of the dungeon alive.

Illustrated notes

Levels and vault maps discovered:
D:1:      onia_arrival_handbag, layout_basic, hellmonk_ecumenical_altar_blasted,
          chequers_decorated_corner, minmay_split_cup_small

Skill      XL: |  1  2 |
---------------+-------+-----
Maces & Flails | 3 |  3.0
Fighting       | |  3.7
Armour         | |  3.2
Shields        | |  3.2

Action                   || total
-------------------------++-------
Melee: Flail             ||    60
Armor: Scale mail        ||    29
Dodge: Dodged            ||    35
Block: Buckler           ||    17
